 Dungeon Crawl Stone Soup version 0.15-a0-2151-gce93697 (webtiles) character file.

88039 PolkaDot the Severer (level 15, -12/155 HPs)
             Began as a Hill Orc Fighter on July 19, 2014.
             Was the Champion of Beogh.
             Mangled by a merfolk
             ... wielding a +0 trident
              (16 damage)
             ... on Level 5 of the Shoals.
             The game lasted 02:59:33 (28560 turns).

PolkaDot the Severer (Hill Orc Fighter)            Turns: 28560, Time: 02:59:34

HP -12/155       AC 37     Str 21      XL: 15   Next: 92%
MP  31/31        EV  7     Int  8      God: Beogh [******]
Gold 1283        SH  0     Dex 15      Spells:  2 memorised, 11 levels left

rFire  . . .     SeeInvis .     a - +1 battleaxe (chop)
rCold  + . .     Clarity  +     D - +2 plate armour {rC+}
rNeg   . . .     rCorr    .     (no shield)
rPois  +         rRot     .     X - +1 helmet of Intuition {Stlth+}
rElec  .         Spirit   .     R - +2 cloak
SustAb .         Warding  .     q - +1 pair of gloves
rMut   .         Stasis   .     o - +0 pair of boots
Gourm  .                        m - amulet of faith
MR     +....                    r - ring of poison resistance
                                w - +6 ring of protection

@: somewhat resistant to hostile enchantments, extremely unstealthy
A: walk on water, clarity
a: Smiting, Recall Orcish Followers, Give Item to Named Follower, Renounce
Religion


You were on level 5 of the Shoals.
You worshipped Beogh.
Beogh was exalted by your worship.
You were not hungry.

You visited 3 branches of the dungeon, and saw 28 of its levels.
You also visited: Labyrinth and Ice Cave.

You collected 1923 gold pieces.
You spent 640 gold pieces at shops.

Inventory:

Hand weapons
 a - a +1 battleaxe of chopping (weapon)
Armour
 n - the +3 scale mail of the Komtur {rF+ Dex+3 Int+3, unknown}
   (You found it on level 3 of the Shoals)

   It affects your intelligence (+3).
   It affects your dexterity (+3).
   It protects you from fire.
 o - a +0 pair of boots (worn)
 q - a +1 pair of gloves (worn)
 D - a +2 plate armour of cold resistance (worn)
 H - a +1 leather armour of fire resistance
 R - a +2 cloak (worn)
 X - the +1 helmet of Intuition (worn) {Stlth+}
   (You found it in a labyrinth)

   It makes you more stealthy.
Magical devices
 e - a wand of digging (1)
 k - a wand of lightning (2)
 z - a wand of fire (3)
 C - a wand of draining (5)
 O - a wand of teleportation (2)
 V - a wand of fireball (2)
Comestibles
 d - 13 meat rations
 x - 5 chunks of manticore flesh {@w1}
 A - 4 royal jellies
 E - 10 beef jerkies
 G - 10 bread rations
 I - 20 fruits
 J - 6 slices of pizza
 M - 10 rotting chunks of kraken flesh {@w1}
 W - 2 rotting chunks of satyr flesh {@w1}
Scrolls
 b - a scroll of vulnerability
 c - 3 scrolls of holy word
 g - a scroll of magic mapping
 l - 2 scrolls of fear
 p - 4 scrolls of fog
 y - 10 scrolls of remove curse
 N - 4 scrolls of enchant armour
 S - 5 scrolls of recharging
 U - 5 scrolls of teleportation
Jewellery
 m - an amulet of faith (around neck)
 r - a ring of poison resistance (right hand)
 u - an uncursed amulet of stasis {unknown}
 w - a +6 ring of protection (left hand)
Potions
 f - a potion of porridge
 h - a potion of cure mutation {!q}
 i - a potion of haste
 j - a potion of berserk rage
 s - 2 potions of restore abilities
 t - 4 potions of brilliance
 v - 2 potions of might
 B - a potion of agility
 F - a potion of invisibility
 K - a potion of resistance
 L - 2 potions of flight
 Q - 5 potions of curing
 Y - a potion of magic
Books
 T - a book of Enchantments

   Spells                             Type                      Level
   Tukima's Dance                     Hexes                        3
   Cause Fear                         Hexes                        4
   Silence                            Hexes/Air                    5
   Deflect Missiles                   Charms/Air                   6
   Haste                              Charms                       6
   Discord                            Hexes                        8


   Skills:
 + Level 19.9 Fighting
 + Level 20.5 Axes
 + Level 13.2 Armour
   Level 3.2 Shields
 - Level 13.0 Invocations


You had 11 spell levels left.
You knew the following spells:

 Your Spells              Type           Power        Failure   Level  Hunger
a - Apportation           Tloc           #.........   100%        1    ##.....
q - Blink                 Tloc           N/A          100%        2    ###....


Dungeon Overview and Level Annotations

Branches:
Dungeon (15/15)            Temple (0/1) D:5             Orc (0/4) D:11
   Lair (8/8) D:8          Shoals (5/5) Lair:6       Spider (0/5) Lair:3
  Slime (0/6) Lair:7       Vaults (0/5) D:13         Depths (0/5) D:15

Altars:
Ashenzari
Cheibriados
Dithmenos
Elyvilon
Fedhas
Makhleb
Okawaru
Qazlal
Sif Muna
Xom
Yredelemnul
The Shining One
Jiyva

Shops:
D:11 [:(%%

Annotations:
D:8 exclusion: 2 oklob saplings
Shoals:5 Ilsuiw


Innate Abilities, Weirdness & Mutations

You can walk on water.
You possess an exceptional clarity of mind.


Message History

The water swirls and strikes you! Beogh protects you from harm!
The merfolk impaler hits you from afar with a glowing trident!
* * * LOW HITPOINT WARNING * * *
You cannot read scrolls while unable to breathe!
Drink which item? (? for menu, Esc to quit)
Okay, then.
With effort, you pull free of the water engulfing you.
A merfolk comes into view. It is wielding a trident.
You gasp with relief as air once again reaches your lungs.
The merfolk shouts!
Bogmar hits the water elemental with an uncursed vampiric hand axe.
Bogmar hits the merfolk aquamancer with an uncursed vampiric hand axe!!
The merfolk aquamancer dies!
Beogh accepts your collateral kill.
Beogh blesses Bogmar with healing.
Bogmar hits something but does no damage.
Bogbarth hits the water elemental with an uncursed halberd!
The water elemental is destroyed!
The merfolk hits you with a trident!
You die...

.......# . ......#
#≈#≈.....#
#≈≈≈#≈....## #
≈≈≈≈≈#.....#####..
≈≈≈≈≈m.o...........
#≈≈≈≈m#()E....≈≈....
#≈≈≈#mm≈≈≈..≈m(≈≈.≈
≈#E.o@(≈...≈≈≈≈..≈
....mmmmo≈o.<.≈.≈≈...
...≈≈m..............
..≈≈≈≈≈............
m.≈#####...........
≈# ##..........
#......... #m.......
#≈≈≈....


You could see 2 merfolk impalers, 3 merfolk javelineers, 4 merfolk, 2 water
nymphs, 2 water elementals, a mermaid, the friendly Bogbarth the orc warlord,
the friendly Bogmar the orc warlord, the friendly Thorok the orc knight
(frenzied) and the friendly Ugrim the orc knight (frenzied).

Vanquished Creatures
  A kraken (Shoals:4)
  The ghost of WhatIsLove the Eclecticist, a powerful DECj of Sif Muna (D:15)
  A dire elephant (D:15)
  A minotaur (Lab)
  Josephine (D:11)
  3 centaur warriors
  5 hydras
  Erica (D:11)
  6 death yaks
  A tengu warrior (D:15)
  3 catoblepae (Lair:8)
  A skeletal warrior (D:13)
  An unseen horror (D:14)
  2 sea snakes (Shoals:3)
  2 hill giants
  5 harpies
  A cyclops (Shoals:4)
  3 griffons
  5 elephants
  A slime creature (D:15)
  4 manticores
  5 black mambas
  2 mermaids
  3 gargoyles
  7 spiny frogs
  A troll (D:10)
  2 fire drakes
  4 komodo dragons
  A merfolk (Shoals:1)
  3 polar bears
  A two-headed ogre (D:8)
  Sonja (D:11)
  A boulder beetle (Lair:7)
  10 blink frogs
  A fire dragon skeleton (D:15)
  5 water elementals
  2 basilisks (Lair:5)
  A centaur simulacrum (D:11)
  Eustachio (D:7)
  2 wraiths
  4 hippogriffs
  12 ugly things
  25 yaks
  A deep elf fighter (D:14)
  A hungry ghost (D:10)
  A steam dragon (D:12)
  7 wolves
  2 death yak simulacra (IceCv)
  2 hill giant skeletons
  5 soldier ants (Lair:8)
  2 porcupines
  7 water moccasins
  2 orc warriors
  A black bear (D:6)
  A yellow wasp (D:12)
  7 ice beasts
  2 ogres
  2 phantoms
  2 boring beetles
  7 centaurs
  Sigmund (D:6)
  4 giant frogs
  4 crocodiles
  A brain worm (D:13)
  An earth elemental (Lab)
  A water moccasin zombie (D:8)
  A wyvern skeleton (D:11)
  6 scorpions
  A troll zombie (D:9)
  A water moccasin skeleton (D:12)
  2 eyes of draining
  7 killer bees
  3 wandering mushrooms (D:8)
  An electric eel (D:7)
  2 crimson imps
  3 orc priests
  2 goliath beetles
  3 jellies
  2 giant frog skeletons
  A giant frog zombie (D:11)
  9 hounds
  17 worker ants
  A centaur skeleton (D:6)
  2 polar bear simulacra (IceCv)
  5 iguanas
  7 orc wizards
  2 sheep
  A sky beast zombie (D:11)
  Ijyb (D:7)
  27 green rats
  15 adders
  An orc zombie (D:10)
  13 white imps
  4 worms
  4 giant mites
  An adder skeleton (D:7)
  4 giant geckos
  14 orcs
  A ball python (D:1)
  19 bats
  2 bat skeletons
  11 giant cockroaches
  16 goblins
  8 hobgoblins
  11 jackals
  12 kobolds
  12 quokkas
  5 giant newts
  A giant newt skeleton (D:3)
  A giant newt zombie (D:3)
  A gnoll skeleton (D:3)
  2 goblin zombies (D:3)
  A kobold zombie (D:6)
  2 orc skeletons
  15 rats
  A rat skeleton (D:3)
  2 ballistomycetes (D:6)
  A bush (D:15)
  3 fungi
  9 plants
  A tentacle (Shoals:4)
507 creatures vanquished.

Vanquished Creatures (collateral kills)
  Rupert (Lair:8)
  Roxanne (Shoals:1)
  A merfolk javelineer (Shoals:3)
  A merfolk impaler (Shoals:1)
  An ettin (D:13)
  The ghost of PolkaDot the Impaler, a powerful HOFi of Beogh (Lair:1)
  Harold (D:10)
  An ogre mage (D:15)
  3 hydras
  2 sirens
  3 merfolk aquamancers
  3 tengu warriors (D:15)
  2 satyrs (Shoals:4)
  10 death yaks (Lair:8)
  Nergalle (D:11)
  An iron troll (D:13)
  A fire crab (Lair:7)
  5 sea snakes
  9 harpies
  5 griffons
  2 hill giants
  2 statues (D:15)
  A salamander (D:15)
  2 cyclopes
  7 manticores
  3 elephants (Lair:7)
  8 fauns
  A phantasmal warrior (D:13)
  6 water nymphs
  5 drowned souls (Shoals:1)
  4 mermaids
  2 spiny frogs
  4 komodo dragons
  A tengu conjurer (D:15)
  A gargoyle (D:15)
  A queen ant (Lair:8)
  A freezing wraith (Lair:5)
  9 merfolk
  2 polar bears
  2 two-headed ogres (D:15)
  2 wind drakes (Shoals:3)
  3 trolls
  7 blink frogs
  7 ravens (D:15)
  A boulder beetle (Lair:8)
  A basilisk (Lair:4)
  9 snapping turtles
  2 shadows
  9 yaks
  6 water elementals
  A wyvern (D:8)
  3 hungry ghosts
  2 hippogriffs
  8 ugly things
  A wolf (Lair:1)
  2 soldier ants (Lair:8)
  4 vampire mosquitoes (D:15)
  A mottled dragon (D:15)
  4 water moccasins
  3 porcupines
  A necrophage (D:9)
  A phantom (D:8)
  5 centaurs
  4 ice beasts
  A boring beetle (Lair:6)
  6 crocodiles
  4 ogres
  10 giant frogs
  7 killer bees
  5 wights (D:15)
  A jelly (D:13)
  An iguana (Lair:4)
  6 crimson imps
  A quasit (D:14)
  An elf zombie (D:12)
  5 hounds
  2 orc wizards (D:11)
  11 worker ants
  5 sheep
  An ogre skeleton (D:9)
  A mummy (D:9)
  A killer bee simulacrum (D:11)
  2 adders
  15 green rats
  4 white imps (Lair:5)
  2 orcs
  3 bats
  A bat skeleton (D:8)
  2 hobgoblins
  2 kobolds
  2 quokkas
  3 rats
  2 bushes (D:15)
  5 plants
  A tentacle (Shoals:4)
317 creatures vanquished.

Vanquished Creatures (others)
  An orc high priest (Shoals:1)
  2 orc knights
  An orc priest (Lair:2)
  4 drowned souls
  4 orc warriors
  2 hellwings (D:15)
  A red devil (D:14)
  A centaur skeleton (D:4)
  5 orc wizards
  5 sheep (Lair:3)
  33 orcs
  A goblin (D:4)
  A kobold (D:4)
  A giant spore (D:6)
  9 fungi
  3 plants (Lair:2)
  3 tentacles (Shoals:4)
  40 tentacle segments (Shoals:4)
117 creatures vanquished.

Grand Total: 941 creatures vanquished

Notes
Turn   | Place    | Note
--------------------------------------------------------------
     0 | D:1      | PolkaDot, the Hill Orc Fighter, began the quest for the Orb.
     0 | D:1      | Reached XP level 1. HP: 19/19 MP: 1/1
   270 | D:1      | Reached XP level 2. HP: 17/26 MP: 2/2
   374 | D:1      | Reached skill level 4 in Axes
   722 | D:1      | Reached XP level 3. HP: 31/31 MP: 3/3
  1241 | D:2      | Found a deep blue altar of Sif Muna.
  1269 | D:2      | Reached skill level 5 in Axes
  1402 | D:2      | Found a burning altar of Makhleb.
  1458 | D:2      | Found a glowing golden altar of the Shining One.
  1874 | D:3      | Reached XP level 4. HP: 40/40 MP: 4/4
  2606 | D:4      | Became a worshipper of Beogh the Brigand
  2619 | D:4      | Reached skill level 6 in Axes
  2745 | D:4      | Reached XP level 5. HP: 46/46 MP: 5/5
  2933 | D:5      | Entered Level 5 of the Dungeon
  2954 | D:5      | Reached XP level 6. HP: 49/53 MP: 6/6
  2958 | D:5      | Acquired Beogh's first power
  2964 | D:5      | Noticed an ogre
  2973 | D:5      | Killed an ogre
  2973 | D:5      | Reached skill level 7 in Axes
  3253 | D:5      | Reached skill level 5 in Fighting
  3253 | D:5      | Reached XP level 7. HP: 41/61 MP: 7/7
  3325 | D:5      | Found a stormy altar of Qazlal.
  3355 | D:5      | Noticed a centaur
  3368 | D:5      | Killed a centaur
  3368 | D:5      | Reached skill level 8 in Axes
  3385 | D:5      | Found a staircase to the Ecumenical Temple.
  3412 | D:5      | Noticed a centaur
  3428 | D:5      | Killed a centaur
  3428 | D:5      | Reached skill level 5 in Armour
  3662 | D:6      | Reached skill level 9 in Axes
  3666 | D:6      | Reached XP level 8. HP: 29/70 MP: 8/8
  3674 | D:6      | Acquired Beogh's second power
  3896 | D:6      | Noticed Sigmund
  3911 | D:6      | Killed Sigmund
  3911 | D:6      | Reached skill level 10 in Axes
  4197 | D:6      | Found a white marble altar of Elyvilon.
  4565 | D:7      | Acquired Beogh's third power
  4565 | D:7      | Reached skill level 11 in Axes
  4633 | D:7      | Reached XP level 9. HP: 70/79 MP: 9/9
  4981 | D:7      | Found an iron altar of Okawaru.
  5013 | D:7      | Noticed Ijyb
  5018 | D:7      | Killed Ijyb
  5159 | D:7      | Noticed Eustachio
  5174 | D:7      | Killed Eustachio
  5174 | D:7      | Reached skill level 12 in Axes
  5441 | D:8      | Found a staircase to the Lair.
  5507 | D:8      | Found an iron altar of Okawaru.
  6038 | D:8      | Acquired Beogh's fourth power
  6091 | D:8      | Noticed a wandering mushroom
  6101 | D:8      | Killed a wandering mushroom
  6113 | D:8      | Found a blossoming altar of Fedhas.
  6113 | D:8      | Noticed a wandering mushroom
  6113 | D:8      | Noticed a wandering mushroom
  6113 | D:8      | Noticed a wandering mushroom
  6197 | D:8      | Killed a wandering mushroom
  6200 | D:8      | Killed a wandering mushroom
  6880 | Lair:1   | Entered Level 1 of the Lair of Beasts
  6896 | Lair:1   | Reached skill level 13 in Axes
  6896 | Lair:1   | Reached XP level 10. HP: 59/90 MP: 10/10
  7050 | Lair:1   | Gained Bladwarg as an ally
  7143 | Lair:1   | Noticed PolkaDot's ghost (powerful HOFi)
  7156 | Lair:1   | Killed PolkaDot's ghost
  7852 | Lair:2   | Noticed a five-headed hydra
  7869 | Lair:2   | Your ally Bladwarg died
  8127 | Lair:2   | Reached skill level 14 in Axes
  8430 | Lair:2   | Noticed a seven-headed hydra
  8603 | Lair:2   | Reached skill level 1 in Invocations
  8646 | Lair:2   | Noticed a black mamba
  8659 | Lair:2   | Killed a black mamba
  8894 | Lair:2   | Reached skill level 5 in Invocations
  8918 | Lair:2   | Reached XP level 11. HP: 14/97 MP: 20/22
  9178 | Lair:3   | Noticed a seven-headed hydra
  9595 | Lair:2   | Killed an eight-headed hydra
  9832 | Lair:2   | Reached skill level 10 in Invocations
 10078 | Lair:3   | Noticed a death yak
 10360 | Lair:3   | Found a hole to the Spider Nest.
 10496 | Lair:3   | Noticed a death yak
 10496 | Lair:3   | Noticed a death yak
 10497 | Lair:3   | Noticed a death yak
 10542 | Lair:3   | Killed a death yak
 10546 | Lair:3   | Killed a death yak
 10553 | Lair:3   | Killed a death yak
 10576 | Lair:3   | Killed a death yak
 10878 | Lair:3   | Noticed an eight-headed hydra
 10883 | Lair:3   | Killed an eight-headed hydra
 10898 | Lair:3   | Reached skill level 10 in Fighting
 10911 | Lair:3   | Reached XP level 12. HP: 104/106 MP: 18/28
 10928 | Lair:3   | Found a shimmering altar of Xom.
 11481 | Lair:4   | Reached skill level 15 in Axes
 11517 | Lair:4   | Learned a level 1 spell: Apportation
 11520 | Lair:4   | Learned a level 2 spell: Blink
 11558 | Lair:4   | Identified the Disquisition on Creation
 12289 | Lair:5   | Found a frozen archway.
 12317 | IceCv    | Entered an ice cave
 12687 | Lair:5   | HP: 3/108 [freezing wraith (18)]
 13080 | Lair:5   | Reached skill level 16 in Axes
 13195 | Lair:5   | Acquired Beogh's fifth power
 13231 | Lair:5   | Gained Bogmar as an ally
 13663 | Lair:5   | Found a snail-covered altar of Cheibriados.
 13992 | Lair:6   | Found a labyrinth entrance.
 14008 | Lab      | Entered a labyrinth
 14175 | Lab      | Noticed a minotaur
 14189 | Lab      | Killed a minotaur
 14201 | Lab      | Got a warped helmet
 14205 | Lab      | Identified the +1 helmet of Intuition {Stlth+} (You found it in a labyrinth)
 14410 | Lair:6   | Reached skill level 17 in Axes
 14488 | Lair:6   | Reached XP level 13. HP: 107/117 MP: 29/29
 14706 | Lair:6   | Found a staircase to the Shoals.
 15154 | Lair:7   | Found a viscous altar of Jiyva.
 15154 | Lair:7   | Found a staircase to the Slime Pits.
 15381 | Lair:7   | Reached skill level 10 in Armour
 15829 | Lair:7   | Identified a cursed +2 rod of ignition (12/12) (You found it in a labyrinth)
 16058 | Lair:7   | Reached skill level 18 in Axes
 16267 | Lair:8   | Entered Level 8 of the Lair of Beasts
 16384 | Lair:8   | Noticed Rupert
 16392 | Lair:8   | Paralysed by Rupert for 5 turns
 16396 | Lair:8   | Killed Rupert
 16646 | Lair:8   | Gained Syrus as an ally
 17465 | Lair:8   | Gained Bogbarth as an ally
 17510 | Lair:8   | Reached skill level 19 in Axes
 17516 | Lair:8   | Reached XP level 14. HP: 83/129 MP: 30/30
 18012 | Lair:8   | Got a heavy robe
 18013 | Lair:8   | Identified the cursed -3 robe "Coijusm" {Str+1 Dex+3 Int-4} (You found it on level 8 of the Lair of Beasts)
 18833 | D:9      | Found a glowing golden altar of the Shining One.
 19005 | D:9      | Gained Hilgar as an ally
 19134 | D:9      | Found a basalt altar of Yredelemnul.
 19136 | D:9      | Found a stormy altar of Qazlal.
 19139 | D:9      | Found a shattered altar of Ashenzari.
 19395 | D:9      | Noticed a hill giant
 19400 | D:9      | Killed a hill giant
 19591 | D:10     | Entered Level 10 of the Dungeon
 19854 | D:10     | Got a polished dagger
 19855 | D:10     | Identified the cursed -1 dagger "Dufuar" {stab, MR++} (You found it on level 10 of the Dungeon)
 20177 | D:10     | Found a shadowy altar of Dithmenos.
 20288 | D:10     | Noticed Harold
 20300 | D:10     | Killed Harold
 20300 | D:10     | Reached skill level 15 in Fighting
 20368 | D:11     | Found Greajag's Food Shoppe.
 20421 | D:11     | Noticed Sonja
 20431 | D:11     | Killed Sonja
 20452 | D:11     | Noticed Nergalle
 20464 | D:11     | Killed Nergalle
 20602 | D:11     | Noticed Josephine
 20614 | D:11     | Killed Josephine
 20722 | D:11     | Found Inoeho's Book Boutique.
 20725 | D:11     | Found Loulezal's Weapon Shoppe.
 20735 | D:11     | Found Qiwnaupt's Armour Shoppe.
 20744 | D:11     | Bought a +2 plate armour of cold resistance for 640 gold pieces
 20800 | D:11     | Found Purauwn's Food Boutique.
 20877 | D:11     | Found a staircase to the Orcish Mines.
 20950 | D:11     | Noticed Erica
 20954 | D:11     | Killed Erica
 21320 | D:12     | Gained Ugrim as an ally
 21791 | D:13     | Got a transparent leather armour
 21792 | D:13     | Identified the +2 leather armour of Summertime {rPois Curse} (You found it on level 13 of the Dungeon)
 21802 | D:13     | Gained mutation: You have large cloven feet. [mutagenic meat]
 21803 | D:13     | Gained mutation: Your spells are a little easier to cast, but a little less powerful. [mutagenic meat]
 21804 | D:13     | Lost mutation: Your spells are a little easier to cast, but a little less powerful. [mutagenic meat]
 21805 | D:13     | Gained mutation: Armour fits poorly on your strangely shaped body. [mutagenic meat]
 21806 | D:13     | Lost mutation: Armour fits poorly on your strangely shaped body. [potion of cure mutation]
 21806 | D:13     | Lost mutation: You have large cloven feet. [potion of cure mutation]
 21869 | D:13     | Got an ichor-stained chain mail
 21870 | D:13     | Identified the cursed -4 chain mail "Dotimigh" {Str+1 Int+4} (You found it on level 13 of the Dungeon)
 22482 | D:13     | Found a gate to the Vaults.
 22992 | D:14     | Gained mutation: You possess an exceptional clarity of mind. [potion of beneficial mutation]
 23120 | D:15     | Entered Level 15 of the Dungeon
 23282 | D:15     | Got a bloodstained hand crossbow
 23283 | D:15     | Identified the +5 hand crossbow of the Goat {penet, Dex+1} (You found it on level 15 of the Dungeon)
 23348 | D:15     | Noticed WhatIsLove's ghost (powerful DECj)
 23363 | D:15     | Killed WhatIsLove's ghost
 23510 | D:15     | Paralysed by an ogre mage for 5 turns
 23512 | D:15     | Reached XP level 15. HP: 109/151 MP: 31/31
 23950 | D:15     | Found a staircase to the Depths.
 23962 | D:15     | Your ally Hilgar died
 24321 | D:15     | Gained Thorok as an ally
 24322 | D:15     | Gained Argrim as an ally
 25075 | Shoals:1 | Entered Level 1 of the Shoals
 25180 | Shoals:1 | Noticed Roxanne
 25194 | Shoals:1 | Your ally Syrus died
 25198 | Shoals:1 | Killed Roxanne
 25211 | Shoals:1 | Got a bloodstained falchion
 25233 | Shoals:1 | Identified Roxanne's Guide on Ashen Transformation (You took it off Roxanne on level 1 of the Shoals)
 25242 | Shoals:1 | Identified the +8 falchion "Itsacrym" {slice, +Inv rF+ rN+} (You found it on level 1 of the Shoals)
 25496 | Shoals:1 | Reached skill level 20 in Axes
 27739 | Shoals:3 | Got a dazzling scale mail
 27813 | Shoals:4 | Your ally Argrim died
 28329 | Shoals:4 | Noticed a kraken
 28345 | Shoals:4 | Killed a kraken
 28548 | Shoals:5 | Entered Level 5 of the Shoals
 28550 | Shoals:5 | Noticed Ilsuiw
 28556 | Shoals:5 | HP: 5/155 [something (11)]
 28559 | Shoals:5 | Beogh protects you from harm!
 28560 | Shoals:5 | Mangled by a merfolk

Action                   |  1- 3 |  4- 6 |  7- 9 | 10-12 | 13-15 || total
-------------------------+-------+-------+-------+-------+-------++-------
Melee: War axe           |   134 |   181 |   213 |       |       ||   528
       Battleaxe         |       |       |   115 |   454 |   581 ||  1150
Invok: Convert to Beogh  |       |     1 |       |       |       ||     1
       Recall Orcish Fol |       |       |     3 |     3 |    23 ||    29
       Smiting           |       |       |       |    20 |    22 ||    42
       Give Item to Name |       |       |       |     1 |     6 ||     7
       Stop Recall       |       |       |       |       |     3 ||     3
Evoke: Wand              |       |       |     2 |     7 |     5 ||    14
  Use: Scroll            |       |       |    19 |    17 |    18 ||    54
       Potion            |       |       |     7 |    10 |    11 ||    28
 Stab: Distracted        |       |       |       |     2 |    11 ||    13
  Eat: Chunk             |     3 |     5 |     8 |    17 |    52 ||    85
       Fruit             |       |       |     5 |    13 |     1 ||    19
